 Dungeon Crawl Stone Soup version 0.30-a0-578-gdee14c521f (webtiles) character file.

Game seed: 11459189930680015976

200 drugrobin the Poker (level 5, -4/42 HPs)
             Began as a Demigod Delver on Jan 1, 2023.
             Constricted to death by Natasha (5 damage)
             ... on level 3 of the Dungeon.
             The game lasted 00:08:20 (2880 turns).

drugrobin the Poker (Demigod Delver)                Turns: 2880, Time: 00:08:20

Health: -4/42      AC:  5    Str: 17    XL:     5   Next: 24%
Magic:  7/7        EV:  8    Int: 12    God:
Gold:   166        SH:  0    Dex: 15    Spells: 4/4 levels left

rFire   . . .      SeeInvis .    a - +0 spear
rCold   . . .      Faith    .    (no shield)
rNeg    . . .      Spirit   .    A - +0 ring mail
rPois   .          Reflect  .    (no helmet)
rElec   .          Harm     .    (no cloak)
rCorr   .          Rampage  .    (no gloves)
Will    +....                    (no boots)
Stlth   ++                       n - amulet of magic regeneration
HPRegen 0.27/turn                v - ring of willpower
MPRegen 0.50/turn                (no ring)

@: grasped by roots, constricted
A: high MP 1, forlorn, divine attributes
a: no special abilities


You were on level 3 of the Dungeon.
You visited 1 branch of the dungeon, and saw 5 of its levels.

You collected 166 gold pieces.

Inventory:

Hand Weapons
 a - a +0 spear (weapon)
 b - a +0 sling
Missiles
 m - 3 poisoned darts (quivered)
 B - 4 boomerangs
Armour
 i - a +0 leather armour
 A - a +0 ring mail (worn)
Magical Staves
 x - a staff of death
Jewellery
 n - an amulet of magic regeneration (around neck)
 v - a ring of willpower (left hand)
 w - a ring of fire
Wands
 g - a wand of digging (3)
Scrolls
 c - a scroll of fog
 d - a scroll of magic mapping
 e - a scroll of fear
 h - a scroll of brand weapon {unknown}
 j - 2 scrolls of identify {unknown}
 k - a scroll of blinking {unknown}
 o - a scroll of poison {unknown}
 p - 2 scrolls of immolation
 s - 2 scrolls of teleportation {unknown}
 u - a scroll of enchant weapon {unknown}
 y - a scroll of amnesia {unknown}
 E - a scroll of vulnerability {unknown}
Potions
 f - 2 potions of haste
 l - a potion of flight {unknown}
 r - a potion of brilliance {unknown}
 t - a potion of curing {unknown}
 z - a potion of degeneration {unknown}
 C - a potion of heal wounds {unknown}
 D - a potion of ambrosia {unknown}


   Skills:
 - Level 2.6 Fighting
 + Level 5.3 Polearms
 - Level 1.7 Dodging
 - Level 4.5 Stealth


You had 4 spell levels left.
You didn't know any spells.
Your spell library contained the following spells:

 Spells                   Type           Power      Damage    Failure   Level
 Tukima's Dance           Hex            0%         N/A       88%         3
 Passage of Golubria      Tloc           0%         N/A       99%         4
 Yara's Violent Unravell  Hex/Tmut       0%         3d3       100%        5


Dungeon Overview and Level Annotations

Branches:
Dungeon (5/15)             Temple (0/1) D:5

Annotations:
D:2 1 runed translucent door, Crazy Yiuf
D:3 Ijyb, Natasha
D:5 exclusion: jelly, Duvessa


Innate Abilities, Weirdness & Mutations

You have an increased reservoir of magic. (+10% MP)
You shall have no god before yourself.
Your divine heritage dramatically boosts your attributes as you level up.


Message History

Natasha claws you but does no damage.
Unknown command.
Unknown command.
Unknown command.
You hit Natasha.
Natasha is heavily wounded.
Unknown command.
Unknown command.
You hit Natasha but do no damage.
Natasha is heavily wounded.
Natasha zaps a wand.
The roots erupt in riotous growth!
The grasping roots grab you!
Natasha is unaffected.
The grasping roots constrict you.
* * * LOW HITPOINT WARNING * * *
You hear a shout!
Unknown command.
Unknown command.
Unknown command.
Unknown command.
Unknown command.
You hit Natasha but do no damage.
Natasha is heavily wounded.
Natasha claws you.
* * * LOW HITPOINT WARNING * * *
The grasping roots constrict you.
* * * LOW HITPOINT WARNING * * *
Unknown command.
Unknown command.
Unknown command.
Unknown command.
Unknown command.
Unknown command.
Unknown command.
Unknown command.
You hit Natasha.
Natasha is heavily wounded.
Natasha claws you.
* * * LOW HITPOINT WARNING * * *
The grasping roots constrict you.
You die...

#. #.#...^...##.######.#
##.###.#.......##....))..#
#
#....).#!......##..#######
# #.#..###.......##..#
##.###.......##..#
#..##....... #..# ##..#
#....###..# ##.#
#.....)...#
#.####)######@###..#
#............h# #..#
#.####........###..#
#...........'....#
...#####.....###..# ##
#.....# #..# #.(..(# #..#
###.### #..# #.# #.<#


You could see Natasha.

Vanquished Creatures
  Natasha (D:3)
  3 orc wizards (D:3)
  3 adders (D:2)
  2 worms (D:3)
  2 dart slugs
  4 orcs
  5 bats
  3 endoplasms
  4 giant cockroaches
  5 goblins (D:1)
  5 hobgoblins
  A quokka (D:3)
  7 ball pythons
  4 frilled lizards
  9 kobolds
  6 rats
64 creatures vanquished.

Vanquished Creatures (others)
  8 plants (D:1)
8 creatures vanquished.

Grand Total: 72 creatures vanquished

Notes
Turn   | Place    | Note
-------+----------+-------------------------------------------
     0 | D:5      | drugrobin the Demigod Delver began the quest for the Orb.
     0 | D:5      | Reached XP level 1. HP: 18/18 MP: 3/3
    22 | D:5      | Found a staircase to the Ecumenical Temple.
    32 | D:5      | Noticed a jelly
    34 | D:5      | Noticed Duvessa
   255 | D:3      | Reached skill level 2 in Polearms
   339 | D:3      | Reached XP level 2. HP: 20/25 MP: 4/4
   530 | D:3      | Noticed Ijyb
   599 | D:2      | Reached skill level 3 in Polearms
   708 | D:1      | Reached XP level 3. HP: 21/30 MP: 5/5
  1523 | D:2      | Reached skill level 4 in Polearms
  1540 | D:2      | Found a runed translucent door.
  1541 | D:2      | Noticed Crazy Yiuf
  1633 | D:2      | Reached XP level 4. HP: 36/37 MP: 6/6
  2506 | D:3      | Noticed Natasha
  2516 | D:3      | Killed Natasha
  2778 | D:3      | Reached skill level 5 in Polearms
  2778 | D:3      | Reached XP level 5. HP: 31/42 MP: 7/7
  2870 | D:3      | Noticed Natasha
  2880 | D:3      | HP: 1/42 [Natasha (2)]
  2880 | D:3      | Constricted to death by Natasha

Illustrated notes

Levels and vault maps discovered:
D:1:      wander_arrival_estate, layout_rooms, lexackson_kobold_supper
D:2:      layout_basic, uniq_crazy_yiuf_cottage
D:3:      minmay_skewed_foursquare, layout_basic, uniq_natasha, uniq_ijyb,
          uniq_jessica, uniq_sigmund
D:4:      layout_cave_pools, minivault_19
D:5:      layout_cave_pools, general_overflow_altar, minmay_temple_entry_ruins,
          nicolae_wormholes, uniq_duvessa, uniq_blork_the_orc

Skill      XL: |  1  2  3  4 |
---------------+-------------+-----
Polearms       | 2 3 4 5 |  5.3
Fighting       | |  2.6
Dodging        | |  1.7
Stealth        | |  4.5

Action                   |  1- 3 |  4- 6 || total
-------------------------+-------+-------++-------
Melee: Spear             |   127 |    82 ||   209
       Punch             |     1 |       ||     1
 Fire: Sling             |    88 |    16 ||   104
Throw: Javelin           |     1 |     6 ||     7
  Use: Scroll            |       |     1 ||     1
 Stab: Sleeping          |     1 |     1 ||     2
       Distracted        |     1 |       ||     1
Armor: Leather armour    |    29 |       ||    29
       Ring mail         |     1 |    17 ||    18
Dodge: Dodged            |    51 |    16 ||    67

Table legend: (Time is in decaauts)
 A = Elapsed time spent in this place.
 B = Non-inter-level travel time spent in this place.
 C = Inter-level travel time spent in this place.
 D = Time resting spent in this place.
 E = Time spent auto-exploring this place.
 F = Levels seen in this place.
 G = Mean time per level.
                   A        B        C        D        E       F      G
               +--------+--------+--------+--------+--------+-----+--------+
         Total |   2886 |   2710 |    176 |    131 |   1702 |   5 |  577.2 |
       Dungeon |   2886 |   2710 |    176 |    131 |   1702 |   5 |  577.2 |
               +--------+--------+--------+--------+--------+-----+--------+

Top non-repeatable levels by time:
     D:2: 1025 daAuts
     D:3: 852 daAuts
     D:1: 800 daAuts
     D:4: 152 daAuts
     D:5: 55 daAuts
